 Dungeon Crawl Stone Soup version 0.15.2 (webtiles) character file.

1675 HiobMontag the Covert (level 9, -1/46 HPs)
             Began as a Vine Stalker Assassin on Dec 15, 2014.
             Was a Priest of Makhleb.
             Slain by a giant frog (2 damage)
             ... on Level 6 of the Dungeon on Dec 16, 2014.
             The game lasted 00:43:05 (6169 turns).

HiobMontag the Covert (Vine Stalker Assassin)       Turns: 6169, Time: 00:43:05

HP  -1/46        AC  4     Str 13      XL: 9   Next:  1%
MP   0/21        EV 15     Int 11      God: Makhleb [***...]
Gold 343         SH  0     Dex 17 (20) Spells:  0 memorised,  8 levels left

rFire  . . .     SeeInvis .     a - +4 short sword (flame)
rCold  + . .     Rnd*Rage +     c - +0 robe
rNeg   . . .     rCorr    .     (no shield)
rPois  .         rRot     +     (no helmet)
rElec  .         Spirit   +     d - +1 cloak
SustAb .         Warding  .     (no gloves)
rMut   .         Stasis   .     (no boots)
Gourm  .                        (no amulet)
MR     +....                    C - ring of magical power
                                z - ring of protection from cold

@: exhausted, about to teleport, very slightly contaminated, hasted and slowed,
somewhat resistant to hostile enchantments, stealthy
A: fangs 3, berserk 1, regeneration 2, magic shield, antimagic bite, no device
heal 3, rot immunity
a: Minor Destruction, Lesser Servant of Makhleb, Renounce Religion


You were on level 6 of the Dungeon.
You worshipped Makhleb.
Makhleb was most pleased with you.
You were hungry.

You visited 2 branches of the dungeon, and saw 8 of its levels.
You also visited: Sewer.

You collected 343 gold pieces.

Inventory:

Hand weapons
 a - a +4 short sword of flaming (weapon)
 b - a +2 blowgun
 p - a +0 hunting sling
 w - a +0 cutlass
 y - a +2 dagger
 E - a +2 dagger of venom
Missiles
 e - 3 poisoned needles
 f - 2 curare-tipped needles
 j - 29 stones (quivered)
 K - 4 tomahawks
Armour
 c - a +0 robe (worn)
 d - a +1 cloak (worn)
Magical devices
 r - a wand of digging (18) {unknown}
 B - a wand of paralysis (16) {unknown}
 G - a wand of disintegration (12) {unknown}
Comestibles
 g - 3 bread rations
 i - 6 meat rations
 o - 4 fruits
 q - a beef jerky
Scrolls
 h - 3 scrolls of remove curse
 l - 3 scrolls of amnesia
 s - 3 scrolls of magic mapping
 u - a scroll of teleportation
 v - a scroll of immolation {unknown}
 F - 2 scrolls of blinking
 H - a scroll of enchant weapon
 I - a scroll of noise {unknown}
Jewellery
 z - a ring of protection from cold (left hand)
 C - a ring of magical power (right hand)
Potions
 k - 4 potions of curing {unknown}
 m - a potion of heal wounds {unknown}
 n - a potion of berserk rage
 t - a potion of lignification {unknown}
 x - 2 potions of haste
 D - a potion of brilliance {unknown}
Magical staves
 A - an uncursed staff of air {unknown}


   Skills:
 + Level 4.3 Fighting
 + Level 4.6 Short Blades
 + Level 3.6 Throwing
 + Level 4.6 Dodging
 + Level 9.3 Stealth


You had 8 spell levels left.
You didn't know any spells.

Dungeon Overview and Level Annotations

Branches:
Dungeon (7/15)             Temple (1/1) D:4

Altars:
Ashenzari
Cheibriados
Dithmenos
Elyvilon
Fedhas
Kikubaaqudgha
Makhleb
Nemelex Xobeh
Okawaru
Qazlal
Trog
Vehumet
Xom
Yredelemnul
Zin
The Shining One

Shops:
D:5 *   D:7 }

Annotations:
D:7 Joseph


Innate Abilities, Weirdness & Mutations

You have razor-sharp teeth.
You heal very quickly.
When hurt, damage is shared between your health and your magic reserves.
Your bite disrupts and absorbs the magic of your enemies.
Potions and wands cannot restore your health.
You are immune to rotting.
You tend to lose your temper in combat.


Message History

* * * LOW HITPOINT WARNING * * *
The giant frog completely misses you. The quasit misses you.
The quasit closely misses you. The quasit claws you.
You feel clumsy. The giant frog hits you.
* * * LOW HITPOINT WARNING * * *
Read which item? (? for menu, Esc to quit)
As you read the scroll labeled JYPTACVEQO, it crumbles to dust.
You feel strangely unstable.
It was a scroll of teleportation.
The giant frog hits you.
* * * LOW HITPOINT WARNING * * *
The quasit bites you.
* * * LOW HITPOINT WARNING * * *
You feel clumsy. The quasit claws you.
* * * LOW HITPOINT WARNING * * *
You feel clumsy. The quasit completely misses you. The giant frog hits you.
You die...

......##...#...#.......#####
#####.###..................#
#.# #.(..#####.....###.# #.#
##.....#.........#.## #.#
#.........#.....#..#
#####.####.....#...#........#
................#.##.#.#....#
##########..#...5..#.......##
............#..F@..#...#...#
..###)####.##).............#
#.# #)# #.##........#####.#
..# #.# #.##..............#
#.# #)####.###..###........#
#.###.#.....##..###....#####
....#.#....>.........###
..#.#.#.....##..###.##
..#.............###.#


You could see a giant frog and a quasit.

Vanquished Creatures
  Grinder (D:5)
  Purgy (Sewer)
  A black bear (D:6)
  2 ogres (D:4)
  2 giant frogs
  2 scorpions
  A goliath beetle (D:6)
  A crimson imp (D:6)
  4 hounds
  An orc priest (D:7)
  9 orc wizards
  An iguana (D:6)
  3 worker ants
  6 gnolls
  2 giant mites
  7 adders
  2 shadow imps (D:6)
  4 worms
  An orc skeleton (D:4)
  An orc zombie (D:7)
  4 giant geckos
  An ooze (D:3)
  23 orcs
  A ball python (D:3)
  A bat skeleton (D:4)
  8 giant cockroaches
  2 gnoll zombies (D:6)
  16 goblins
  14 hobgoblins
  3 quokkas
  15 bats
  5 giant newts
  8 jackals
  14 kobolds
  23 rats
190 creatures vanquished.

Notes
Turn   | Place    | Note
--------------------------------------------------------------
     0 | D:1      | HiobMontag, the Vine Stalker Assassin, began the quest for the Orb.
     0 | D:1      | Reached XP level 1. HP: 11/11 MP: 1/1
    30 | D:1      | Reached skill level 5 in Stealth
   118 | D:1      | Reached XP level 2. HP: 13/15 MP: 3/3
   339 | D:1      | Reached skill level 1 in Dodging
   339 | D:1      | Reached XP level 3. HP: 18/18 MP: 4/4
  1435 | D:2      | Reached XP level 4. HP: 23/23 MP: 5/5
  1472 | D:2      | Gained mutation: You tend to lose your temper in combat. [potion of mutation]
  1472 | D:2      | Gained mutation: You are partially covered in large bone plates (AC +2, SH +2). [potion of mutation]
  1472 | D:2      | Lost mutation: You are partially covered in large bone plates (AC +2, SH +2). [potion of mutation]
  1668 | D:3      | Found a snail-covered altar of Cheibriados.
  1674 | D:3      | Reached skill level 6 in Stealth
  2116 | D:3      | Reached XP level 5. HP: 27/27 MP: 7/7
  2277 | D:3      | Found a glowing drain.
  2315 | Sewer    | Entered a sewer
  2355 | Sewer    | Noticed Purgy
  2374 | Sewer    | Killed Purgy
  2374 | Sewer    | Gained mutation: You heal very quickly. [vine stalker growth]
  2374 | Sewer    | Reached XP level 6. HP: 27/32 MP: 8/8
  2902 | D:4      | Found a staircase to the Ecumenical Temple.
  2903 | D:4      | Found a bloodstained altar of Trog.
  2930 | Temple   | Entered the Ecumenical Temple
  3013 | Temple   | Became a worshipper of Makhleb the Destroyer
  3230 | D:4      | Reached skill level 7 in Stealth
  3286 | D:4      | Reached XP level 7. HP: 35/35 MP: 9/9
  3476 | D:4      | Acquired Makhleb's first power
  4171 | D:5      | Entered Level 5 of the Dungeon
  4183 | D:5      | Found Kliepp's Assorted Antiques.
  4184 | D:5      | Noticed Grinder
  4206 | D:5      | Killed Grinder
  4206 | D:5      | Reached skill level 8 in Stealth
  4206 | D:5      | Gained mutation: You have razor-sharp teeth. [vine stalker growth]
  4206 | D:5      | Reached XP level 8. HP: 14/40 MP: 4/11
  4302 | D:5      | Found a bloodstained altar of Trog.
  4387 | D:5      | Found a shimmering altar of Xom.
  4456 | D:5      | Acquired Makhleb's second power
  4709 | D:5      | Found a white marble altar of Elyvilon.
  4975 | D:6      | Reached skill level 9 in Stealth
  5628 | D:6      | Acquired Makhleb's third power
  5743 | D:6      | Found a sparkling altar of Nemelex Xobeh.
  5781 | D:6      | Found a basalt altar of Yredelemnul.
  6107 | D:7      | Reached XP level 9. HP: 41/45 MP: 12/12
  6117 | D:7      | Found Feoddao's Gadget Boutique.
  6140 | D:7      | Noticed Joseph
  6168 | D:6      | HP: 2/46 [quasit (1)]
  6169 | D:6      | Slain by a giant frog

Action                   |  1- 3 |  4- 6 |  7- 9 || total
-------------------------+-------+-------+-------++-------
Melee: Dagger            |   114 |    80 |       ||   194
       Cutlass           |       |    46 |     7 ||    53
       Short sword       |       |    10 |   180 ||   190
 Fire: Blowgun           |     2 |    30 |    14 ||    46
Throw: Stone             |       |     1 |     2 ||     3
  Use: Potion            |     1 |     1 |     3 ||     5
       Scroll            |       |     5 |    10 ||    15
 Stab: Sleeping          |     6 |    14 |    15 ||    35
       Distracted        |     1 |     1 |     1 ||     3
  Eat: Chunk             |     1 |     6 |     9 ||    16
       Royal jelly       |       |       |     1 ||     1
